AoeStats
← fparrao19

Arena

510655448Analyzed
2v2 RM · 1d ago on Oct 2, 2026· 19m 38s· 4 players
Game mode
Random Map
Map size
Medium (4 player)
Population
200
Speed
Normal
Resources
Standard
Victory
Conquest
Starting age
Dark Age
Ending age
Imperial Age
RankedLock teamsTeams togetherTeam positionsShared explorationLock speedFull tech treeHidden civsTurbo modeCheats
Victory
Defeat
🇨🇱 Portuguese · Chile
807
+16
🇦🇷 Dravidians · Argentina
806
+16
🇨🇱 Persians · Chile
881
-18
🇨🇱 Sicilians · Chile
749
-14
San rivera
10:16 Feudal Age
8:33 Loom
17:42 Castle Age
17:28 Stone Mining
fparrao19
0:27 Loom
11:12 Feudal Age
12:39 Wheelbarrow
18:33 Man-at-Arms
vicentejoaquin97
2:01 Loom
8:25 Loom
✟ L¥N V ✟
1:15 Loom
7:59 Loom
Connection lost

Rejoining the realm…

Still unreachable

The connection could not be restored.

Session expired

The server has moved on; the page needs a fresh start.